 Dungeon Crawl Stone Soup version 0.29-a0-887-gcbe080d7e0 (webtiles) character file.

Game seed: 12523796936520362560

51436 kevlar127 the Grappler (level 14, -5/150 HPs)
             Began as a Troll Berserker on July 21, 2022.
             Was a High Priest of Trog.
             Slain by a black mamba (7 damage)
             ... while petrified by a catoblepas
             ... on level 5 of the Lair of Beasts on July 22, 2022.
             The game lasted 01:10:28 (19427 turns).

kevlar127 the Grappler (Troll Berserker)           Turns: 19427, Time: 01:10:29

Health: -5/150     AC:  9    Str: 38    XL:     14   Next: 23%
Magic:  13/13      EV:  1    Int:  3    God:    Trog [*****.]
Gold:   1192       SH:  0    Dex:  9    Spells: 13/13 levels left

rFire   + . .      SeeInvis .     - Unarmed
rCold   + . .      Faith    .   u - +2 kite shield
rNeg    + + +      Spirit   .   E - +1 robe {Will+}
rPois   ∞          Reflect  +   (helmet restricted)
rElec   .          Harm     .   a - scarf {rC+ rF+}
rCorr   .          Rampage  .   (gloves unavailable)
Will    ++...                   (boots unavailable)
Stlth   +.........              B - amulet of reflection
HPRegen 1.15/turn               F - +6 ring of strength
MPRegen 0.13/turn               R - +4 ring of protection

@: lethally poisoned (-5 -> -5), petrified
A: large, unfitting armour, claws 3, regeneration 1, shaggy fur 1, tough skin 1
a: Renounce Religion, Berserk, Trog's Hand, Brothers in Arms


You were on level 5 of the Lair of Beasts.
You worshipped Trog.
Trog was extremely pleased with you.
You visited 2 branches of the dungeon, and saw 16 of its levels.

You collected 1192 gold pieces.

Inventory:

Missiles
 f - 25 poisoned darts
 g - 5 boomerangs (quivered)
 J - 3 curare-tipped darts
 Q - 3 large rocks
 S - 5 silver javelins
 V - 7 atropa-tipped darts
Armour
 a - a scarf of resistance (worn)
 u - a +2 kite shield (worn)
 y - a +2 robe of resistance
 E - a +1 robe of willpower (worn)
Jewellery
 B - an amulet of reflection (around neck)
 F - a +6 ring of strength (left claw)
 O - a ring of ice
 R - a +4 ring of protection (right claw)
 T - a ring of ice
Wands
 n - a wand of roots (17)
 r - a wand of polymorph (5)
 x - a wand of flame (82)
 H - a wand of acid (17)
Scrolls
 c - 6 scrolls of fear
 d - 3 scrolls of blinking
 e - 3 scrolls of teleportation
 h - a scroll of enchant armour {unknown}
 i - 8 scrolls of identify
 k - 4 scrolls of fog
 l - 2 scrolls of vulnerability {unknown}
 q - 2 scrolls of torment {unknown}
 v - 3 scrolls of magic mapping
 A - a scroll of amnesia {unknown}
 C - 4 scrolls of poison
 M - 2 scrolls of silence {unknown}
 Z - a scroll of immolation {unknown}
Potions
 b - 3 potions of brilliance {unknown}
 j - 2 potions of heal wounds {unknown}
 m - 4 potions of attraction {unknown}
 o - 4 potions of flight {unknown}
 p - 2 potions of mutation {unknown}
 s - 2 potions of might {unknown}
 t - 11 potions of curing
 w - 2 potions of cancellation {unknown}
 G - a potion of invisibility {unknown}
 I - 4 potions of haste {unknown}
 K - a potion of ambrosia
 L - 5 potions of lignification
 N - 3 potions of berserk rage
Miscellaneous
 z - a phantom mirror
 P - a piece from Xom's chessboard (15/15)


   Skills:
 + Level 12.5 Fighting
 + Level 8.7 Throwing
 - Level 4.0 Armour
 - Level 3.0 Dodging
 + Level 9.5 Shields
 + Level 14.7 Unarmed Combat


You had 13 spell levels left.
You didn't know any spells.
Your spell library was empty.

Dungeon Overview and Level Annotations

Branches:
Dungeon (11/15)            Temple (0/1) D:5            Lair (5/5) D:11
  Swamp (0/4) Lair:2        Snake (0/4) Lair:3        Slime (0/5) Lair:5
    Orc (0/2) D:9

Altars:
Cheibriados
Nemelex Xobeh
Qazlal
Xom
Jiyva

Shops:
D:3 *

Annotations:
D:10 2 transporters, capslocke's ghost, journeyman DsNe


Innate Abilities, Weirdness & Mutations

You are too large for most types of armour.
You have claws for hands.
Your natural rate of healing is unusually fast.
You are covered in fur. (AC +1)
You have tough skin. (AC +1)


Message History

The catoblepas gores you! The lindwurm bites you!
The lindwurm claws you but does no damage.
The lindwurm claws you. The black mamba bites you.
The black mamba bites you but does no damage.
The lindwurm bites you.
The lindwurm claws you. x2; The catoblepas gores you.
* * * LOW HITPOINT WARNING * * *
The black mamba bites you but does no damage.
The black mamba bites you!
* * * LOW HITPOINT WARNING * * *
The catoblepas gores you!!
* * * LOW HITPOINT WARNING * * *
The lindwurm breathes flames at you. The blast of flame hits you! You resist.
* * * LOW HITPOINT WARNING * * *
The black mamba completely misses you. The black mamba bites you!
* * * LOW HITPOINT WARNING * * *
The catoblepas gores you!
* * * LOW HITPOINT WARNING * * *
The lindwurm bites you.
* * * LOW HITPOINT WARNING * * *
The lindwurm claws you.
* * * LOW HITPOINT WARNING * * *
The lindwurm claws you.
* * * LOW HITPOINT WARNING * * *
The black mamba bites you but does no damage.
The lindwurm bites you but does no damage.
The lindwurm claws you!
* * * LOW HITPOINT WARNING * * *
The lindwurm claws you!
* * * LOW HITPOINT WARNING * * *
The catoblepas completely misses you. The black mamba bites you.
The black mamba barely misses you.
The catoblepas breathes a plume of calcifying dust at you.
The blast of calcifying dust hits you.
* * * LOW HITPOINT WARNING * * *
The lindwurm bites you.
The lindwurm claws you but does no damage. x2
The black mamba bites you!
You die...

###.......## #.......
###.P.....### ##......
.#.P...^..# # #......
..........###P #......
.P.........##. ##### #......
...........#...#...# #......
..........##...#...# ###...#
..........##...kSY.##### ###.#
.....÷.....##..#@###P..## ##...
...........##P.§...#....#####....
..........###.§..#.......##P.....
..........# ###..........##......
..........# #....#.....P###.....
.....?....## ##..P###.#..####....
...........# ##.##...#...# #....
...........# ###....#..P###....
...........# ####...#...##.....


You could see a catoblepas, a lindwurm and a black mamba.

Vanquished Creatures
  Nessos (Lair:4)
  A dire elephant (Lair:5)
  2 hydras
  Fannar (D:10)
  2 catoblepae
  A boulder beetle (Lair:4)
  4 two-headed ogres
  10 death yaks
  2 lindwurms
  Pikel (D:7)
  2 bog bodies (Lair:2)
  3 elephants (Lair:4)
  A manticore (Lair:5)
  2 ugly things
  3 black mambas
  6 cane toads
  A gargoyle (D:9)
  5 rime drakes
  12 komodo dragons
  A kobold demonologist (D:11)
  7 polar bears (Lair:5)
  3 raiju (Lair:5)
  4 dream sheep (Lair:5)
  2 blink frogs (Lair:5)
  2 shadows
  4 basilisks
  36 yaks
  9 wyverns
  A steam dragon (D:8)
  5 wargs
  3 nagas (Lair:3)
  2 swamp worms (Lair:2)
  9 hell hounds (Lair:5)
  7 water moccasins
  Duvessa (D:5)
  3 sky beasts
  13 black bears
  8 orc warriors
  3 ice beasts
  8 ogres
  20 wolves
  4 centaurs
  2 phantoms
  5 kobold brigands
  8 bullfrogs
  Blork the orc (D:4)
  3 gnoll sergeants
  2 necrophages
  2 scorpions
  5 wights (D:9)
  Dowan (D:5)
  7 killer bees
  10 howler monkeys
  An electric eel (Lair:2)
  15 hounds
  9 orc priests
  2 jellies
  Crazy Yiuf (D:3)
  4 gnoll boudas
  Natasha (thrice) (D:2)
  4 iguanas
  28 orc wizards
  Ijyb (D:3)
  13 gnolls
  12 adders
  3 white imps
  2 ufetubi
  A worm (D:3)
  A dart slug (D:4)
  62 orcs
  4 endoplasms
  A giant cockroach (D:4)
  8 hobgoblins
  11 kobolds
  7 quokkas
  4 ball pythons
  5 bats
  3 frilled lizards
  8 goblins
  3 rats (D:3)
477 creatures vanquished.

Vanquished Creatures (collateral kills)
  3 hydras
  3 polar bears (Lair:5)
  A wyvern (Lair:3)
  2 wargs (Lair:5)
  3 hell hounds (Lair:5)
  A wolf (Lair:5)
  A bullfrog (Lair:3)
14 creatures vanquished.

Vanquished Creatures (others)
  2 fungi
  30 plants
32 creatures vanquished.

Grand Total: 523 creatures vanquished

Notes
Turn   | Place    | Note
-------+----------+-------------------------------------------
     0 | D:1      | kevlar127 the Troll Berserker began the quest for the Orb.
     0 | D:1      | Reached XP level 1. HP: 22/22 MP: 0/0
   275 | D:1      | Reached XP level 2. HP: 29/29 MP: 1/1
   739 | D:2      | Reached XP level 3. HP: 31/36 MP: 2/2
   860 | D:2      | Noticed Natasha
   873 | D:2      | Killed Natasha
   941 | D:2      | Noticed Natasha
   951 | D:2      | Killed Natasha
   952 | D:2      | Reached skill level 4 in Unarmed Combat
   952 | D:2      | Reached XP level 4. HP: 28/45 MP: 3/3
   989 | D:2      | Noticed Natasha
   993 | D:2      | Killed Natasha
   993 | D:2      | Reached ** piety under Trog
  1331 | D:3      | Identified the +7 plate armour of Baleosai {*Corrode rC+++
                  | rN+++ Dex-3}
  1400 | D:3      | Found a runed translucent door.
  1401 | D:3      | Noticed Crazy Yiuf
  1461 | D:3      | Noticed Ijyb
  1469 | D:3      | Killed Ijyb
  1470 | D:3      | Reached XP level 5. HP: 53/53 MP: 4/4
  1565 | D:3      | Found Pidaj's Assorted Antiques.
  2017 | D:3      | Killed Crazy Yiuf
  2113 | D:4      | Reached skill level 5 in Unarmed Combat
  2113 | D:4      | Reached XP level 6. HP: 53/62 MP: 5/5
  2158 | D:4      | Found a shimmering altar of Xom.
  2327 | D:4      | Reached *** piety under Trog
  2334 | D:4      | Noticed Blork the orc
  2344 | D:4      | Killed Blork the orc
  2397 | D:4      | Found a snail-covered altar of Cheibriados.
  2637 | D:5      | Entered Level 5 of the Dungeon
  2750 | D:5      | Noticed Duvessa
  2750 | D:5      | Noticed Dowan
  2764 | D:5      | Killed Duvessa
  2766 | D:5      | Killed Dowan
  2767 | D:5      | Reached XP level 7. HP: 32/71 MP: 6/6
  3119 | D:5      | Reached skill level 1 in Throwing
  3119 | D:5      | Reached skill level 1 in Armour
  3119 | D:5      | Reached skill level 1 in Shields
  3221 | D:5      | Reached skill level 6 in Unarmed Combat
  3226 | D:5      | Reached skill level 5 in Fighting
  3489 | D:5      | Reached XP level 8. HP: 75/80 MP: 7/7
  3508 | D:5      | Found a staircase to the Ecumenical Temple.
  4240 | D:5      | Reached skill level 7 in Unarmed Combat
  5131 | D:6      | Reached **** piety under Trog
  5210 | D:6      | Reached XP level 9. HP: 79/89 MP: 8/8
  5564 | D:7      | Identified the +6 dagger "Boetyfud" {protect, rF+ rC+
                  | Will-}
  5688 | D:7      | Reached skill level 8 in Unarmed Combat
  6167 | D:7      | Noticed a two-headed ogre
  6201 | D:7      | Killed a two-headed ogre
  6203 | D:7      | Reached XP level 10. HP: 61/102 MP: 9/9
  6531 | D:7      | Reached skill level 9 in Unarmed Combat
  6546 | D:7      | Noticed Pikel
  6555 | D:7      | Killed Pikel
  7262 | D:7      | You fall into a shaft and drop 1 floor!
  7403 | D:8      | Noticed a two-headed ogre
  7418 | D:8      | Killed a two-headed ogre
  7419 | D:8      | Reached skill level 5 in Throwing
  7419 | D:8      | Reached skill level 5 in Shields
  7492 | D:8      | Reached skill level 10 in Unarmed Combat
  8171 | D:7      | Reached ***** piety under Trog
  8605 | D:8      | Noticed a rakshasa
  8606 | D:8      | Noticed a two-headed ogre
  8607 | D:8      | Noticed a cane toad
  8942 | D:9      | Noticed a red ugly thing
  8956 | D:9      | Killed a red ugly thing
  8957 | D:9      | Reached XP level 11. HP: 113/113 MP: 10/10
  9340 | D:9      | Found a staircase to the Orcish Mines.
  9626 | D:9      | Noticed a two-headed ogre
  9631 | D:9      | Killed a two-headed ogre
  9955 | D:10     | Entered Level 10 of the Dungeon
 10000 | D:10     | Found a sparkling altar of Nemelex Xobeh.
 10064 | D:10     | Found a transporter.
 10073 | D:10     | Noticed capslocke's ghost (journeyman DsNe)
 10196 | D:10     | Noticed Fannar
 10210 | D:10     | Killed Fannar
 10211 | D:10     | Reached skill level 11 in Unarmed Combat
 10248 | D:10     | Found a transporter.
 10249 | D:10     | Noticed a centaur warrior
 10273 | D:10     | Found a stormy altar of Qazlal.
 10525 | D:10     | Noticed a two-headed ogre
 10533 | D:10     | Killed a two-headed ogre
 11013 | D:11     | Noticed a green ugly thing
 11020 | D:11     | Killed a green ugly thing
 11026 | D:11     | Found a staircase to the Lair.
 11129 | D:11     | Noticed a six-headed hydra
 11139 | D:11     | Killed an 11-headed hydra
 11293 | D:11     | Received a gift from Trog
 12112 | Lair:1   | Entered Level 1 of the Lair of Beasts
 12120 | Lair:1   | Reached XP level 12. HP: 82/126 MP: 11/11
 12503 | Lair:1   | Reached skill level 10 in Fighting
 13148 | Lair:2   | Reached skill level 12 in Unarmed Combat
 13749 | Lair:2   | Noticed a catoblepas
 13778 | Lair:2   | Killed a catoblepas
 14589 | Lair:2   | Found a staircase to the Swamp.
 14853 | Lair:3   | Noticed a four-headed hydra
 14860 | Lair:3   | Killed a four-headed hydra
 14929 | Lair:3   | Noticed a four-headed hydra
 14938 | Lair:3   | Killed a four-headed hydra
 15183 | Lair:3   | Found a staircase to the Snake Pit.
 16033 | Lair:4   | Reached skill level 13 in Unarmed Combat
 16119 | Lair:4   | Noticed a boulder beetle
 16135 | Lair:4   | Killed a boulder beetle
 16216 | Lair:4   | Noticed Nessos
 16222 | Lair:4   | Killed Nessos
 16223 | Lair:4   | Reached XP level 13. HP: 100/137 MP: 12/12
 17062 | Lair:5   | Entered Level 5 of the Lair of Beasts
 17301 | Lair:5   | Reached skill level 14 in Unarmed Combat
 18158 | Lair:5   | Found a viscous altar of Jiyva.
 18158 | Lair:5   | Found a staircase to the Slime Pits.
 18350 | Lair:5   | Reached XP level 14. HP: 94/150 MP: 13/13
 19426 | Lair:5   | HP: 5/150 [lindwurm (4)]
 19426 | Lair:5   | HP: 1/150 [lindwurm (4)]
 19427 | Lair:5   | Slain by a black mamba

Illustrated notes

Levels and vault maps discovered:
D:1:      lemuel_arrival_river_bridge, layout_basic, serial_curves,
          eino_curves_03, eino_curves_04, hangedman_decor_lopped,
          minmay_misc_feat_ornament, hangedman_decor_growths, st_stairs_10
D:2:      layout_basic, minivault_26, uniq_natasha
D:3:      layout_loops_ring, serial_shops, shop, uniq_ijyb,
          uniq_crazy_yiuf_cottage
D:4:      layout_cave_pools, mainiacjoe_overflow_large_starburst,
          uniq_blork_the_orc
D:5:      dreamdust_elfheim, layout_basic, minmay_temple_entry_tees,
          hangedman_minor_gate_pass
D:6:      layout_rooms, minmay_checkerbox
D:7:      lemuel_castle_with_subvaults [lemuel_castle_interior_carwin_2],
          layout_basic, uniq_pikel, uniq_duvessa
D:8:      layout_cave_pools, serial_column_ruins, column_ruins_square_huge,
          column_ruins_hut, column_ruins_columns_dead_end,
          column_ruins_open_small, column_ruins_corridor_plus,
          column_ruins_open_tiny, column_ruins_columns_dead_end,
          skrybe_limestone_x, hellmonk_bongcloud_opening,
          onia_ninara_dug_in_and_dangerous
D:9:      minmay_recursive_quarters, layout_irregular_city, erik_orc_3,
          minmay_chambers_of_fives
D:10:     layout_irregular_city, lemuel_crystal_altar,
          nemelex_xobeh_ov_fountains_minmay, gammafunk_ghost_arena,
          serial_co_window_serial, co_window_paths_b, co_window_paths_b,
          co_window_of_opportunity_a, co_window_cross_1,
          co_window_of_opportunity_a, co_window_corner_b, co_window_2corner,
          co_window_of_opportunity_b, co_window_paths_d, co_window_4corner_a,
          glass_columns_b, uniq_fannar
D:11:     layout_loops_ring, lair_entry_dummy
Lair:1:   layout_regular_city
Lair:2:   layout_cave_pods, nicolae_swamp_entry_splash_gauntlet,
          minmay_hedge_maze
Lair:3:   layout_layer_cave, minmay_snake_entry_guardpost_small
Lair:4:   layout_regular_city, lightli_volcano_entry_magma_tube, uniq_nessos
Lair:5:   hangedman_lair_in_review, layout_hall_layers,
          hangedman_lair_caniforms_friends, slime_entry_1, serial_bayou_shore_b

Skill      XL: |  1  2  3  4  5  6  7  8  9 10 11 12 13 |
---------------+----------------------------------------+-----
Fighting       | 3 4 5 6 7 8 9 11 12 | 12.5
Dodging        | 3 |  3.0
Unarmed Combat | 4 5 6 7 8 10 11 13 14 | 14.7
Throwing       | 1 3 4 5 6 7 8 |  8.7
Armour         | 1 2 3 4 |  4.0
Shields        | 1 3 4 5 6 8 9 |  9.5

Action                   |  1- 3 |  4- 6 |  7- 9 | 10-12 | 13-15 || total
-------------------------+-------+-------+-------+-------+-------++-------
Melee: Unarmed           |    66 |   111 |   312 |   595 |   366 ||  1450
       Punch             |     1 |     1 |     5 |     2 |       ||     9
Throw: Boomerang         |       |       |     4 |    87 |   107 ||   198
       Large rock        |       |       |       |     3 |     1 ||     4
Invok: Berserk           |     1 |     2 |     2 |     6 |     2 ||    13
       Trog's Hand       |       |       |     3 |     7 |     4 ||    14
       Brothers in Arms  |       |       |       |     3 |     2 ||     5
  Use: Scroll            |       |       |       |     9 |    10 ||    19
 Stab: Confused          |       |     1 |       |       |       ||     1
Armor: Animal skin       |     9 |    29 |       |       |       ||    38
       Skin              |       |     1 |       |       |       ||     1
       Robe              |       |       |   116 |   114 |   121 ||   351
Dodge: Dodged            |    27 |    53 |   159 |   163 |   104 ||   506
Block: Other             |       |       |    43 |    35 |       ||    78
       Reflection        |       |       |     1 |     8 |     1 ||    10
       Kite shield       |       |       |       |   284 |   275 ||   559

Table legend: (Time is in decaauts)
 A = Elapsed time spent in this place.
 B = Non-inter-level travel time spent in this place.
 C = Inter-level travel time spent in this place.
 D = Time resting spent in this place.
 E = Time spent auto-exploring this place.
 F = Levels seen in this place.
 G = Mean time per level.
                   A        B        C        D        E       F      G
               +--------+--------+--------+--------+--------+-----+--------+
         Total |  19422 |  18275 |   1147 |   4483 |  10731 |  16 | 1213.9 |
       Dungeon |  12138 |  11270 |    868 |   2912 |   6462 |  11 | 1103.5 |
          Lair |   7284 |   7005 |    279 |   1570 |   4269 |   5 | 1456.8 |
               +--------+--------+--------+--------+--------+-----+--------+

Top non-repeatable levels by time:
     D:7: 2381 daAuts
  Lair:5: 2331 daAuts
     D:5: 2287 daAuts
  Lair:2: 1731 daAuts
    D:11: 1250 daAuts
  Lair:4: 1215 daAuts
  Lair:3: 1048 daAuts
     D:9: 1018 daAuts
     D:8: 1013 daAuts
  Lair:1: 958 daAuts
    D:10: 911 daAuts
     D:3: 773 daAuts
     D:1: 683 daAuts
     D:2: 643 daAuts
     D:6: 625 daAuts
